 Dungeon Crawl Stone Soup version 0.29-a0-375-g5102b3be25 (webtiles) character file.

Game seed: 14317986511901653972

9568 quokkamancerX the Fighter (level 11, -1/184 HPs)
             Began as an Ogre Berserker on May 4, 2022.
             Was an Elder of Trog.
             Slain by a vampire (3 damage)
             ... on level 10 of the Dungeon.
             The game lasted 00:40:32 (10997 turns).

quokkamancerX the Fighter (Ogre Berserker)         Turns: 10997, Time: 00:40:33

Health: -1/184     AC: 15    Str: 27    XL:     11   Next: 48%
Magic:  11/11      EV:  6    Int:  8    God:    Trog [****..]
Gold:   525        SH:  5    Dex:  8    Spells: 10/10 levels left

rFire   . . .      SeeInvis .   b - +7 falchion (holy)
rCold   . . .      Faith    +   n - +0 kite shield
rNeg    . . .      Spirit   .   s - +0 storm dragon scales
rPois   +          Reflect  .   (helmet restricted)
rElec   +          Harm     .   k - +1 cloak
rCorr   .          Rampage  .   (gloves unavailable)
Will    +....                   (boots unavailable)
Stlth   ..........              J - amulet of faith
HPRegen 0.40/turn               m - ring of poison resistance
MPRegen 0.12/turn               (no ring)

@: berserking (expiring), very quick
A: large, unfitting armour, tough skin 1
a: Renounce Religion, Berserk, Trog's Hand, Brothers in Arms


You were on level 10 of the Dungeon.
You worshipped Trog.
Trog was greatly pleased with you.
You visited 1 branch of the dungeon, and saw 11 of its levels.

You collected 525 gold pieces.

Inventory:

Hand Weapons
 a - a +0 flail of freezing
 b - a +7 falchion of holy wrath (weapon)
Missiles
 d - 27 poisoned darts
 e - 6 boomerangs (quivered)
 v - 3 silver boomerangs
 y - 2 large rocks
 G - 6 atropa-tipped darts
Armour
 k - a +1 cloak (worn)
 n - a +0 kite shield (worn)
 s - +0 storm dragon scales (worn)
Jewellery
 f - an amulet of regeneration
 m - a ring of poison resistance (left hand)
 J - an amulet of faith (around neck)
Wands
 I - a wand of flame (20)
Scrolls
 c - a scroll of poison
 j - a scroll of immolation
 l - 6 scrolls of teleportation
 p - 3 scrolls of vulnerability
 u - a scroll of fog
 w - 4 scrolls of blinking
 A - a scroll of fear
 F - 2 scrolls of magic mapping
Potions
 g - a potion of invisibility
 h - 2 potions of flight
 o - 2 potions of haste
 q - a potion of attraction
 r - 7 potions of curing
 t - 4 potions of mutation
 x - a potion of heal wounds
 z - a potion of ambrosia
 B - 3 potions of might
 C - 3 potions of lignification


   Skills:
 - Level 12.0 Fighting
 + Level 9.6 Maces & Flails
 - Level 8.0 Throwing
 - Level 6.0 Armour
 + Level 5.1 Dodging


You had 10 spell levels left.
You didn't know any spells.
Your spell library was empty.

Dungeon Overview and Level Annotations

Branches:
Dungeon (11/15)            Temple (0/1) D:5            Lair (0/6) D:8
    Orc: D:9-12

Altars:
Trog

Shops:
D:1 [

Annotations:
D:5 1 runed translucent door


Innate Abilities, Weirdness & Mutations

You are too large for most types of armour.
You have tough skin. (AC +1)


Message History

* * * LOW HITPOINT WARNING * * *
Something draws strength from your injuries!
You are too berserk!
Something hits you.
* * * LOW HITPOINT WARNING * * *
You climb upwards.
Reactivating autopickup.
You feel a strong urge to attack something.
There is a stone staircase leading down here.
Deactivating autopickup; reactivate with Ctrl-A.
You hit something.
A vampire appears from thin air!
Reactivating autopickup.
The vampire hits you!
* * * LOW HITPOINT WARNING * * *
The vampire closely misses you.
Your +0 flail of freezing stops glowing.
Your +7 falchion of holy wrath softly glows with a divine radiance!
b - a +7 falchion of holy wrath (weapon)
You hit the vampire.
The vampire convulses.
The vampire is moderately damaged.
The vampire barely misses you.
The vampire bites you but does no damage.
The vampire hits you but does no damage.
The vampire barely misses you.
You hit the vampire.
The vampire convulses.
The vampire is heavily damaged.
The vampire hits you but does no damage.
The vampire bites you.
* * * LOW HITPOINT WARNING * * *
The vampire draws strength from your injuries!
You closely miss the vampire.
The vampire is heavily damaged.
The vampire hits you but does no damage.
The vampire barely misses you.
You hit the vampire.
The vampire convulses.
The vampire is heavily damaged.
The vampire hits you.
* * * LOW HITPOINT WARNING * * *
The vampire bites you.
You die...

.###...........###..........##...
## #........#### #..........##...
# #####.#### #.....)(...##... #
#..# ######'######### ##.## ###)#
# #..# #...# # ####.#####
####.#### #
#........#######.......# #
###........##..V@........#
.##...........####.......#
.##........#### #.......####
..#>.......# #.......)..#
#..........# #.......##.#####
###........# ##.#######......
###.###### #.# ####### #..# #.##
##.# #..###


You could see a vampire.

Vanquished Creatures
  2 two-headed ogres
  An unseen horror (D:10)
  The ghost of holysushi the Slicer, a novice KoMo of Uskayaw (D:5)
  2 trolls
  Prince Ribbit (D:5)
  A wraith (D:10)
  Sigmund (D:5)
  Eustachio (D:5)
  5 steam dragons
  11 yaks
  2 acid dragons (D:9)
  3 water moccasins (D:8)
  2 orc warriors
  3 ice beasts
  A sky beast (D:7)
  3 black bears
  2 ogres
  3 centaurs
  2 phantoms (D:5)
  2 kobold brigands
  Blork the orc (D:4)
  6 bullfrogs
  2 gnoll sergeants (D:8)
  2 necrophages
  5 scorpions
  6 wights
  10 killer bees
  A howler monkey (D:10)
  A jelly (D:8)
  8 hounds
  4 iguanas
  2 orc wizards
  7 gnolls
  11 adders
  2 shadow imps (D:7)
  3 white imps (D:7)
  2 worms
  2 dart slugs
  23 orcs
  5 bats
  6 endoplasms
  2 giant cockroaches
  5 goblins
  9 hobgoblins
  4 quokkas
  6 ball pythons
  2 frilled lizards (D:1)
  13 kobolds
  7 rats
206 creatures vanquished.

Vanquished Creatures (others)
  A wizard (D:3)
  17 fungi
  18 plants
36 creatures vanquished.

Grand Total: 242 creatures vanquished

Notes
Turn   | Place    | Note
-------+----------+-------------------------------------------
     0 | D:1      | quokkamancerX the Ogre Berserker began the quest for the
                  | Orb.
     0 | D:1      | Reached XP level 1. HP: 24/24 MP: 1/1
   436 | D:1      | Found Curph's Antique Armour Boutique.
   613 | D:1      | Reached skill level 1 in Throwing
   613 | D:1      | Reached XP level 2. HP: 31/33 MP: 2/2
   943 | D:1      | Found a faded altar of an unknown god.
  1293 | D:1      | Reached XP level 3. HP: 40/41 MP: 3/3
  1448 | D:2      | Reached skill level 5 in Fighting
  1724 | D:2      | Reached XP level 4. HP: 40/50 MP: 4/4
  2383 | D:2      | Reached XP level 5. HP: 59/59 MP: 5/5
  2568 | D:2      | Reached skill level 6 in Fighting
  2570 | D:2      | Reached ** piety under Trog
  3110 | D:3      | Identified the +3 leather armour "Dalir" {rElec rPois rCorr
                  | Dex-5}
  3719 | D:3      | Found a bloodstained altar of Trog.
  3720 | D:3      | Noticed a wizard
  3725 | D:3      | Killed a wizard
  4068 | D:4      | Reached XP level 6. HP: 62/68 MP: 6/6
  4209 | D:4      | Reached skill level 7 in Fighting
  4331 | D:4      | Noticed Blork the orc
  4341 | D:4      | Killed Blork the orc
  4449 | D:4      | Reached XP level 7. HP: 78/78 MP: 7/7
  4828 | D:5      | Entered Level 5 of the Dungeon
  4960 | D:5      | Found a runed translucent door.
  4989 | D:5      | Reached skill level 8 in Fighting
  4989 | D:5      | Reached skill level 5 in Throwing
  5051 | D:5      | Found a staircase to the Ecumenical Temple.
  5124 | D:5      | Reached *** piety under Trog
  5297 | D:5      | Noticed Eustachio
  5310 | D:5      | Killed Eustachio
  5311 | D:5      | Reached skill level 9 in Fighting
  5311 | D:5      | Reached XP level 8. HP: 92/92 MP: 8/8
  5397 | D:5      | Noticed holysushi's ghost (novice KoMo)
  5440 | D:5      | Found a runed translucent door.
  5497 | D:5      | Killed holysushi's ghost
  5498 | D:5      | Reached skill level 10 in Fighting
  5714 | D:5      | Noticed Sigmund
  5722 | D:5      | Killed Sigmund
  5799 | D:5      | Noticed Prince Ribbit
  5830 | D:5      | Killed Prince Ribbit
  5831 | D:5      | Reached skill level 11 in Fighting
  5831 | D:5      | Reached XP level 9. HP: 98/105 MP: 9/9
  6185 | D:6      | Reached skill level 12 in Fighting
  6242 | D:6      | Reached skill level 1 in Armour
  7494 | D:7      | Reached skill level 5 in Maces & Flails
  7497 | D:7      | Reached XP level 10. HP: 71/115 MP: 10/10
  7915 | D:8      | Found a staircase to the Lair.
  8292 | D:8      | Reached skill level 5 in Armour
  8307 | D:8      | Reached **** piety under Trog
  8948 | D:9      | HP: 5/172 [acid dragon/splash of acid (13)]
  9273 | D:9      | Noticed a two-headed ogre
  9294 | D:9      | Killed a two-headed ogre
  9434 | D:9      | Reached XP level 11. HP: 117/123 MP: 11/11
  9850 | D:10     | Entered Level 10 of the Dungeon
  9915 | D:10     | Identified the +8 rapier of the Impish God {vorpal, rPois
                  | rF++ Will-}
 10253 | D:10     | Noticed a two-headed ogre
 10268 | D:10     | Killed a two-headed ogre
 10476 | D:10     | Reached skill level 5 in Dodging
 10992 | D:10     | HP: 5/184 [vampire (7)]
 10995 | D:10     | HP: 2/184 [vampire (3)]
 10997 | D:10     | Slain by a vampire

Illustrated notes

Levels and vault maps discovered:
D:1:      dpeg_arrival_subterranean_lakeside_camping, layout_loops_ring,
          shapermc_ecumenical_altar_mp_urbaneastern, serial_shops, shop,
          minmay_ruptured
D:2:      kennysheep_six_static_rooms, layout_basic
D:3:      layout_basic, trog_wizard, minmay_crystal_water,
          minmay_fractal_squares_gapless_5
D:4:      layout_loops_ring, uniq_blork_the_orc
D:5:      layout_gridville, minmay_temple_entry_grid, ebering_ghost_sewer_f,
          uniq_eustachio, uniq_prince_ribbit1, uniq_sigmund
D:6:      layout_loops_cross
D:7:      layout_rooms, kennysheep_windowed_goal
D:8:      layout_gridville, due_lair_maze_entry_diamond
D:9:      layout_roguey
D:10:     layout_roguey
D:11:     layout_basic, enter_trove_5, grunt_ministairs_3, kennysheep_diamond,
          hangedman_stone_soup, minivault_5

Skill      XL: |  1  2  3  4  5  6  7  8  9 10 11 |
---------------+----------------------------------+-----
Throwing       | 1 2 3 4 6 7 8 |  8.0
Fighting       | 5 6 7 9 11 12 | 12.0
Maces & Flails | 5 8 9 |  9.6
Armour         | 3 6 |  6.0
Dodging        | 5 |  5.1

Action                   |  1- 3 |  4- 6 |  7- 9 | 10-12 || total
-------------------------+-------+-------+-------+-------++-------
Melee: Flail             |    37 |       |       |   138 ||   175
       Mace              |    10 |       |       |       ||    10
       Dagger            |    24 |   142 |   381 |   366 ||   913
       Punch             |       |       |     3 |     5 ||     8
       Falchion          |       |       |       |    23 ||    23
Throw: Dart              |    10 |     2 |    28 |    67 ||   107
       Boomerang         |     2 |    58 |    53 |     6 ||   119
Invok: Berserk           |     2 |     1 |     7 |     8 ||    18
  Use: Scroll            |       |     8 |    11 |     9 ||    28
Armor: Animal skin       |    22 |     7 |       |       ||    29
       Storm dragon scal |       |    70 |   249 |   394 ||   713
Dodge: Dodged            |    35 |    45 |   113 |   183 ||   376
Block: Kite shield       |       |       |       |    40 ||    40

Table legend: (Time is in decaauts)
 A = Elapsed time spent in this place.
 B = Non-inter-level travel time spent in this place.
 C = Inter-level travel time spent in this place.
 D = Time resting spent in this place.
 E = Time spent auto-exploring this place.
 F = Levels seen in this place.
 G = Mean time per level.
                   A        B        C        D        E       F      G
               +--------+--------+--------+--------+--------+-----+--------+
         Total |  11175 |  10604 |    571 |   1764 |   5757 |  11 | 1015.9 |
       Dungeon |  11175 |  10604 |    571 |   1764 |   5757 |  11 | 1015.9 |
               +--------+--------+--------+--------+--------+-----+--------+

Top non-repeatable levels by time:
     D:2: 1540 daAuts
     D:1: 1421 daAuts
     D:5: 1215 daAuts
     D:9: 1156 daAuts
     D:8: 1132 daAuts
     D:3: 1108 daAuts
     D:6: 1017 daAuts
    D:10: 1009 daAuts
     D:4: 839 daAuts
     D:7: 701 daAuts
    D:11: 33 daAuts
